 Dungeon Crawl Stone Soup version 0.31-a0-229-g1fc7ce93e2 (webtiles) character file.

Game seed: 3599064451609232031

209 qw the Shooter (level 5, -1/32 HPs)
             Began as a Gargoyle Hexslinger on July 6, 2023.
             Slain by a river rat (2 damage)
             ... summoned by Eustachio
             ... on level 4 of the Dungeon.
             The game lasted 00:01:21 (3291 turns).

qw the Shooter (Gargoyle Hexslinger)                Turns: 3291, Time: 00:01:22

Health: -1/32      AC:  7    Str: 12    XL:     5   Next: 87%
Magic:  6/6        EV: 11    Int: 13    God:
Gold:   177        SH:  0    Dex: 14    Spells: 5/6 levels left

rFire   . . .        Y - +1 sling
rCold   . . .        (no shield)
rNeg    + . .        d - +0 leather armour
rPois   inf          (no helmet)
rElec   +            (no cloak)
rCorr   .            (no gloves)
SInv    .            (no boots)
Will    .....        g - amulet of faith
Stlth   +            (no ring)
HPRegen 0.25/turn    (no ring)
MPRegen 0.10/turn

%: faith
@: no status effects
A: sickness immunity, AC +4, negative energy resistance 1, electricity
resistance, torment resistance 1, petrification resistance
a: no special abilities


You were on level 4 of the Dungeon.
You visited 1 branch of the dungeon, and saw 4 of its levels.

You collected 177 gold pieces.


Innate Abilities, Weirdness & Mutations

You are immune to sickness and miasma.
Your stone body is resilient. (AC +4)
You are immune to poison.
You resist negative energy. (rN+)
You are resistant to electric shocks. (rElec)
You are resistant to unholy torment.
You are immune to petrification.


   Skills:
 - Level 3.1 Fighting
 + Level 5.1 Ranged Weapons
 - Level 1.5 Dodging
 - Level 1.0 Spellcasting
 - Level 2.6 Hexes


You had 5 spell levels left.
You knew the following spells:

 Your Spells              Type           Power      Damage    Failure   Level
a - Slow                  Hex            28%        N/A       12%         1

Your spell library contained the following spells:

 Spells                   Type           Power      Damage    Failure   Level
 Inner Flame              Hex/Fire       4%         N/A       52%         3
 Portal Projectile        Hex/Tloc       8%         N/A       52%         3
 Cause Fear               Hex            3%         N/A       75%         4

Inventory:

Hand Weapons
 Y - a +1 sling (weapon)
Armour
 d - a +0 leather armour (worn)
Jewellery
 g - an amulet of faith (around neck)
Scrolls
 c - a scroll of identify
Potions
 f - a potion of curing
 i - a potion of berserk rage {unknown}
 j - a potion of haste
 k - a potion of degeneration {unknown}

Dungeon Overview and Level Annotations

Branches:
Dungeon (4/15)
 Temple: D:4-7

Altars:

Shops:
D:2 !

Annotations:
D:4 Eustachio


Message History

Eustachio casts a spell.
You shoot a sling bullet. The sling bullet hits the bat!
You kill the bat!
The bat's corpse disappears in a puff of smoke!
The quokka closely misses you.
You shoot a sling bullet. The sling bullet hits the quokka.
You kill the quokka!
The quokka's corpse disappears in a puff of smoke!
You shoot a sling bullet. The sling bullet hits Eustachio!
Eustachio is moderately wounded.
Eustachio gestures wildly while chanting.
You shoot a sling bullet. The sling bullet hits Eustachio.
Eustachio is heavily wounded.
Eustachio closely misses you.
You shoot a sling bullet.
The sling bullet barely misses Eustachio.
The sling bullet hits the river rat.
The river rat is moderately wounded.
The crimson imp blinks!
Eustachio hits you with a +0 rapier!
The river rat bites you but does no damage.
You shoot a sling bullet.
The sling bullet closely misses Eustachio.
The sling bullet barely misses the river rat.
Eustachio hits you with a +0 rapier.
You shoot a sling bullet.
The sling bullet barely misses Eustachio.
Eustachio hits you but does no damage. The river rat misses you.
The river rat closely misses you.
You shoot a sling bullet.
The sling bullet closely misses Eustachio.
Eustachio hits you with a +0 rapier. The river rat closely misses you.
The river rat bites you.
The crimson imp blinks!
You shoot a sling bullet.
The sling bullet barely misses Eustachio.
Eustachio barely misses you. The river rat bites you. x2
The crimson imp blinks!
You shoot a sling bullet. The sling bullet misses Eustachio.
Eustachio misses you. The river rat bites you. x2
Eustachio hits you with a +0 rapier! The river rat bites you.
You die...

#..................# #####...
#......#...##......#####...)...
######.#.###.##..........r.@.....
.....#.#.###.##......#####......#
#.......#...........# #####..
##.#.#.###.##.##.....# #@5
.....#.......ยค....#### #..
.....#####.##..##.# #..
.....#.........@@.# #..
.....#.......#.rr.# #####..
......#####..#..#.# #......
......#......##...## #......
###...#.#....##.#..### #......
###...#.#.#..##.##...## #......
......#.#<...##.####%.## #....##
...####.#....##........# #....#
...# #.#....##.?......## #....#


You could see Eustachio and 2 river rats.

Vanquished Creatures
  Natasha (thrice) (D:2)
  An orc wizard (D:3)
  5 adders
  2 worms
  2 dart slugs
  3 orcs
  4 ball pythons
  8 endoplasms
  A giant cockroach (D:1)
  6 goblins
  8 hobgoblins
  A bat (D:1)
  3 frilled lizards (D:2)
  7 kobolds
  2 rats (D:1)
56 creatures vanquished.

Notes
Turn   | Place    | Note
-------+----------+-------------------------------------------
     0 | D:1      | qw the Gargoyle Hexslinger began the quest for the Orb.
     0 | D:1      | Reached XP level 1. HP: 12/12 MP: 2/2
     0 | D:1      | 0 ||| qw: Version: 0.3-a-46-gb1f654a
     0 | D:1      | 0 ||| qw: Game counter: 1522
     0 | D:1      | 0 ||| qw: Melee chars always use a shield: true
     0 | D:1      | 0 ||| qw: God list: Okawaru
     0 | D:1      | 0 ||| qw: Allow faded altars: false
     0 | D:1      | 0 ||| qw: Do Orc after clearing Dungeon:15 true
     0 | D:1      | 0 ||| qw: Do second Lair branch before Depths: true
     0 | D:1      | 0 ||| qw: Lair rune preference: random
     0 | D:1      | 0 ||| qw: Goals: Normal
     0 | D:1      | 0 ||| PLANNING D:1-11
   165 | D:1      | Reached XP level 2. HP: 16/16 MP: 3/3
   234 | D:1      | Reached skill level 3 in Ranged Weapons
   495 | D:1      | Reached XP level 3. HP: 21/21 MP: 4/4
   749 | D:1      | 749 ||| UPGRADING to +0 leather armour.
   759 | D:1      | 759 ||| DROPPING +0 robe.
   760 | D:1      | 760 ||| DROPPING amulet of magic regeneration.
   761 | D:1      | 761 ||| READING scroll labelled GAPYUGG SISMICOS.
   762 | D:1      | 762 ||| READING scroll labelled GAUM ENUMMOMN.
   763 | D:1      | 763 ||| READING scroll labelled SASCHI QAOZIJA.
   764 | D:1      | 764 ||| DROPPING scroll of poison.
   802 | D:2      | Found Kuckuego's Distillery.
   807 | D:2      | 807 ||| SHOPLISTING potion of curing (33 gold, have 14).
   807 | D:2      | 807 ||| SHOPLISTING potion of experience (550 gold, have
                  | 14).
   807 | D:2      | 807 ||| SHOPLISTING potion of might (44 gold, have 14).
   807 | D:2      | 807 ||| SHOPLISTING potion of mutation (88 gold, have 14).
   886 | D:2      | Noticed Natasha
   892 | D:2      | HP: 4/21 [Natasha (8)]
   896 | D:2      | Killed Natasha
   897 | D:2      | Reached XP level 4. HP: 6/26 MP: 5/5
   972 | D:2      | Reached skill level 4 in Ranged Weapons
  1126 | D:2      | Noticed Natasha
  1140 | D:2      | HP: 5/26 [Natasha (4)]
  1153 | D:2      | Killed Natasha
  1317 | D:2      | Noticed Natasha
  1327 | D:2      | Killed Natasha
  1328 | D:2      | Reached XP level 5. HP: 20/30 MP: 6/6
  1552 | D:2      | Found a faded altar of an unknown god.
  1577 | D:2      | Reached skill level 5 in Ranged Weapons
  1794 | D:2      | 1794 ||| READING scroll labelled ANOKAA GURPHI.
  1795 | D:2      | 1795 ||| READING scroll labelled RECOGE RERGHAS.
  2531 | D:3      | Reached skill level 3 in Fighting
  2708 | D:3      | 2708 ||| UPGRADING to amulet of faith.
  2713 | D:3      | 2713 ||| READING 2 scrolls labelled QUGHUMNESO.
  2716 | D:3      | 2716 ||| DRINKING 2 purple potions.
  2747 | D:3      | 2747 ||| READING 2 scrolls of identify.
  2747 | D:3      | 2747 ||| IDENTIFYING orange potion
  2748 | D:3      | 2748 ||| DROPPING potion of brilliance.
  2749 | D:3      | 2749 ||| DROPPING potion of lignification.
  3104 | D:4      | Noticed Eustachio
  3114 | D:4      | HP: 8/32 [ufetubus[Eustachio] (4)]
  3115 | D:4      | 3115 ||| READING scroll of teleportation.
  3116 | D:4      | HP: 1/32 [iron imp[Eustachio] (8)]
  3117 | D:4      | 3117 ||| DRINKING potion of heal wounds.
  3118 | D:4      | 3118 ||| FLEEEEING.
  3119 | D:4      | 3119 ||| FLEEEEING.
  3120 | D:4      | 3120 ||| FLEEEEING.
  3121 | D:4      | 3121 ||| FLEEEEING.
  3122 | D:4      | 3122 ||| FLEEEEING.
  3136 | D:4      | 3136 ||| FLEEEEING.
  3140 | D:4      | 3140 ||| STAIRDANCE
  3176 | D:3      | 3176 ||| READING scroll labelled RETOETY DINNUSH.
  3177 | D:3      | 3177 ||| READING scroll labelled REHURI JAPSULL.
  3178 | D:3      | 3178 ||| DRINKING 2 smoky silvery potions.
  3179 | D:3      | 3179 ||| READING 2 scrolls of identify.
  3179 | D:3      | 3179 ||| IDENTIFYING glowing red potion
  3222 | D:4      | 3222 ||| FLEEEEING.
  3223 | D:4      | 3223 ||| FLEEEEING.
  3224 | D:4      | 3224 ||| FLEEEEING.
  3225 | D:4      | 3225 ||| FLEEEEING.
  3226 | D:4      | 3226 ||| FLEEEEING.
  3227 | D:4      | 3227 ||| FLEEEEING.
  3230 | D:4      | 3230 ||| FLEEEEING.
  3231 | D:4      | 3231 ||| FLEEEEING.
  3232 | D:4      | 3232 ||| FLEEEEING.
  3233 | D:4      | 3233 ||| STAIRDANCE
  3291 | D:4      | HP: 1/32 [Eustachio/+0 rapier (8)]
  3291 | D:4      | Slain by a river rat

Levels and vault maps discovered:
D:1:      ncdulo_watergridlock, layout_loops_ring, minmay_misc_feat_tiny
D:2:      layout_loops_ring, shapermc_ecumenical_altar_mp_vishouse,
          serial_shops, nicolae_shop_hallway_stairs, uniq_natasha
D:3:      layout_loops_corners, hangedman_abyss_or_decor_stabs,
          hangedman_decor_peaks_small
D:4:      layout_basic, serial_shops, shop, chequers_jeans, uniq_eustachio

Skill      XL: |  1  2  3  4  5 |
---------------+----------------+-----
Ranged Weapons | 3 4 5 |  5.1
Fighting       | 2 3 |  3.1
Dodging        | |  1.5
Spellcasting   | |  1.0
Hexes          | |  2.6

Action                     |  1- 3 |  4- 6 || total
---------------------------+-------+-------++-------
   Fire: Sling             |    99 |   246 ||   345
    Use: Scroll            |     3 |     8 ||    11
         Potion            |       |     3 ||     3
 Armour: Robe              |     6 |       ||     6
         Leather armour    |     2 |    64 ||    66
  Dodge: Dodged            |    26 |   112 ||   138

Table legend:
 A = Non-vault XP
 B = Vault XP
 C = Vault XP percentage of total XP
 D = Non-vault monster count
 E = Vault monster count
 F = Vault count percentage of total count
                 A         B        C        D         E       F
            +---------+---------+-------+---------+---------+-------
      Total |     263 |      36 |  12.0 |      55 |       1 |   1.8
            +---------+---------+-------+---------+---------+-------
        D:1 |      40 |       0 |   0.0 |      22 |       0 |   0.0
        D:2 |     127 |      36 |  22.1 |      15 |       1 |   6.2
        D:3 |      72 |       0 |   0.0 |      12 |       0 |   0.0
        D:4 |      24 |       0 |   0.0 |       6 |       0 |   0.0
            +---------+---------+-------+---------+---------+-------
